 Dungeon Crawl Stone Soup version 0.26-a0-579-g3afe4966bf (webtiles) character file.

Game seed: 7863099375333007876

415 CovertPenguin the Changer (level 6, -8/70 HPs)
             Began as a Draconian Transmuter on Aug 23, 2020.
             Was an Initiate of Ashenzari.
             Mangled by a hellwing (9 damage)
             ... on level 1 of the Abyss.
             The game lasted 00:05:20 (2537 turns).

CovertPenguin the Changer (Draconian Transmuter)    Turns: 2537, Time: 00:05:21

Health: -8/70      AC: 23    Str: 12    XL:     6   Next: 60%
Magic:  9/9        EV:  2    Int: 13    God:    Ashenzari [......]
Gold:   76         SH:  0    Dex: 14    Spells: 3/9 levels left

rFire    . . .     SeeInvis .     - Unarmed
rCold    . . .     Faith    .   (no shield)
rNeg     + + +     Spirit   .   (armour unavailable)
rPois    +         Reflect  .   (helmet currently unavailable)
rElec    .         Harm     .   (cloak currently unavailable)
rCorr    .         NoTele   +   (gloves currently unavailable)
MR       .....                  (boots currently unavailable)
Stlth    +.........             (no amulet)
HPRegen  0.21/turn              (no ring)
MPRegen  0.11/turn              (no ring)

@: liquid flames, tree-form, glowing
A: unfitting armour, AC +6
a: Curse Item, Renounce Religion


You were on level 1 of the Abyss.
You worshipped Ashenzari.
Ashenzari was noncommittal.
You were a tree.
You visited 1 branch of the dungeon, and saw 2 of its levels.
You visited the Abyss 1 time.

You collected 76 gold pieces.

Inventory:

Missiles
 j - 11 stones (quivered)
Scrolls
 a - 2 scrolls of teleportation {unknown}
 b - a scroll of noise {unknown}
 d - a scroll of remove curse {@r2}
 e - a scroll of magic mapping {unknown}
 g - 2 scrolls of blinking {unknown}
 h - a scroll of identify {unknown}


   Skills:
 - Level 1.1 Fighting
 - Level 1.7 Dodging
 + Level 4.3 Unarmed Combat
 - Level 2.0 Spellcasting
 * Level 5.0 Transmutations
 * Level 3.6 Poison Magic


You had 3 spell levels left.
You knew the following spells:

 Your Spells              Type           Power        Failure   Level
a - Beastly Appendage     Tmut           ##....       3%          1
b - Wereblood             Tmut           ##......     4%          2
x - Spider Form           Tmut/Pois      ##........   13%         3

Your spell library contained the following spells:

 Spells                   Type           Power        Failure   Level
 Ice Form                 Ice/Tmut       #.......     65%         4
 Blade Hands              Tmut           ##........   65%         5


Dungeon Overview and Level Annotations

Branches:
Dungeon (2/15)

Altars:
Ashenzari

Annotations:
D:2 Crazy Yiuf


Innate Abilities, Weirdness & Mutations

((Your plain brown scales are hard. (AC +6)))
You cannot fit into any form of body armour.
((You are cold-blooded and may be slowed by cold attacks.))


Message History

You smack the smoke demon!
The smoke demon gestures at you.
The sticky flame hits you but does no damage.
You are covered in liquid flames!
You hit the smoke demon but do no damage.
You are covered in liquid flames!
* * * LOW HITPOINT WARNING * * *
The smoke demon hits you but does no damage. x3
You hit the smoke demon.
You are covered in liquid flames!
* * * LOW HITPOINT WARNING * * *
The smoke demon hits you but does no damage. x3
You smack the smoke demon!
You are covered in liquid flames!
* * * LOW HITPOINT WARNING * * *
The smoke demon gestures at you. The sticky flame hits you.
You are covered in liquid flames!
* * * LOW HITPOINT WARNING * * *
You smack the smoke demon!
You kill the smoke demon!
Your Unarmed Combat skill increases to level 4!
Your Transmutations skill gained 2 levels and is now at level 5!
Your Poison Magic skill gained 2 levels and is now at level 3!
You have reached level 5!
You have reached level 6!
Your experience leads to an increase in your attributes!
Increase (S)trength, (I)ntelligence, or (D)exterity?
You feel agile.
Your scales feel tougher.
The substance of the Abyss twists violently, and a gateway leading out appears!
You are covered in liquid flames!
* * * LOW HITPOINT WARNING * * *
You cannot move.
Unknown command.
Okay, then.
You aren't carrying any potions.
You hit the hellwing but do no damage.
You are covered in liquid flames!
* * * LOW HITPOINT WARNING * * *
The hellwing hits you but does no damage. x2
You hit the hellwing.
You are covered in liquid flames!
* * * LOW HITPOINT WARNING * * *
The hellwing hits you but does no damage. x2
You aren't carrying any items that you can evoke.
You barely miss the hellwing.
You are covered in liquid flames!
* * * LOW HITPOINT WARNING * * *
The hellwing hits you!
You die...

# .#[≈≈#. . ≈...
..#.. # .#...#≈♣.
.. #..#....
#......≈≈...##..#.
..#. ≈...≈≈ ≈≈.
..# # #4.. #.
≈≈≈..#5. #..#.. .#
... ≈3§#.....#..
.## ##5####...# #.
# # #4#§#.#.##.
..# ##♣#. #..#.##
#### #.4# .##§
....#### ..# #
###. ##. # #.# ##.
. # ##..## # #.#.
# . .# .


You could see a hellwing, a ynoxinul and a crimson imp.

Vanquished Creatures
  A smoke demon (Abyss:1)
  Natasha (twice) (D:2)
  Terence (D:2)
  An adder (D:2)
  2 dart slugs
  2 ball pythons
  2 giant cockroaches (D:1)
  3 goblins (D:1)
  2 hobgoblins (D:1)
  A kobold (D:2)
  A quokka (D:2)
  5 bats
  2 frilled lizards
  3 rats
28 creatures vanquished.

Notes
Turn   | Place    | Note
-------+----------+-------------------------------------------
     0 | D:1      | CovertPenguin the Draconian Transmuter began the quest for
                  | the Orb.
     0 | D:1      | Reached XP level 1. HP: 16/16 MP: 3/3
   352 | D:1      | Reached XP level 2. HP: 13/23 MP: 3/5
   358 | D:1      | Learned a level 2 spell: Wereblood
  1169 | D:2      | Reached skill level 3 in Transmutations
  1507 | D:2      | Reached XP level 3. HP: 17/28 MP: 6/6
  1684 | D:2      | Found a shattered altar of Ashenzari.
  1694 | D:2      | Learned a level 3 spell: Spider Form
  1699 | D:2      | Became a worshipper of Ashenzari the Shackled
  1948 | D:2      | Noticed Terence
  1990 | D:2      | Killed Terence
  2078 | D:2      | Reached skill level 1 in Poison Magic
  2139 | D:2      | Noticed Natasha
  2151 | D:2      | Killed Natasha
  2151 | D:2      | Reached XP level 4. HP: 20/35 MP: 3/7
  2308 | D:2      | Noticed Natasha
  2313 | D:2      | Killed Natasha
  2396 | D:2      | Found a runed translucent door.
  2397 | D:2      | Noticed Crazy Yiuf
  2404 | D:2      | Cast into level 1 of the Abyss (Crazy Yiuf)
  2405 | Abyss:1  | Found a corrupted altar of Lugonu.
  2494 | Abyss:1  | Noticed a smoke demon
  2496 | Abyss:1  | Noticed a hellwing
  2497 | Abyss:1  | Noticed a hellwing
  2497 | Abyss:1  | Noticed a hellwing
  2520 | Abyss:1  | Noticed a smoke demon
  2521 | Abyss:1  | Noticed a ynoxinul
  2534 | Abyss:1  | Killed a smoke demon
  2534 | Abyss:1  | Reached skill level 5 in Transmutations
  2534 | Abyss:1  | Reached XP level 5. HP: 17/40 MP: 8/8
  2534 | Abyss:1  | Reached XP level 6. HP: 20/47 MP: 9/9
  2537 | Abyss:1  | HP: 1/70 [burnt (6)]
  2537 | Abyss:1  | Mangled by a hellwing

Illustrated notes

Levels and vault maps discovered:
D:1:      lemuel_arrival_lava_pool, layout_loops_ring
D:2:      layout_loops_ring, lemuel_round_altar, uniq_natasha,
          uniq_crazy_yiuf_cottage, uniq_terence
Abyss:1:  base:
D:2

Skill      XL: |  1  2  3  4 |
---------------+-------------+-----
Transmutations | 3 5 |  5.0
Poison Magic   | 1 3 |  3.6
Unarmed Combat | 4 |  4.3
Fighting       | |  1.1
Dodging        | |  1.7
Spellcasting   | |  2.0

Action                   |  1- 3 |  4- 6 || total
-------------------------+-------+-------++-------
Melee: Unarmed           |    92 |    14 ||   106
       Kick              |     9 |       ||     9
       Tailslap          |     7 |       ||     7
       Headbutt          |     4 |       ||     4
 Cast: Beastly Appendage |    13 |       ||    13
       Spider Form       |     2 |     3 ||     5
  Use: Potion            |     3 |     3 ||     6
 Stab: Sleeping          |     1 |       ||     1
Armor: Skin              |    25 |    20 ||    45
Dodge: Dodged            |    53 |     4 ||    57

Table legend: (Time is in decaauts)
 A = Elapsed time spent in this place.
 B = Non-inter-level travel time spent in this place.
 C = Inter-level travel time spent in this place.
 D = Time resting spent in this place.
 E = Time spent auto-exploring this place.
 F = Levels seen in this place.
 G = Mean time per level.
                   A        B        C        D        E       F      G
               +--------+--------+--------+--------+--------+-----+--------+
         Total |   2539 |   2511 |     28 |    857 |   1266 |   3 |  846.3 |
       Dungeon |   2407 |   2379 |     28 |    815 |   1266 |   2 | 1203.5 |
         Abyss |    131 |    131 |      0 |     42 |      0 |   1 |  131.0 |
               +--------+--------+--------+--------+--------+-----+--------+

Top non-repeatable levels by time:
     D:2: 1324 daAuts
     D:1: 1082 daAuts
 Abyss:1: 131 daAuts
